 Dungeon Crawl Stone Soup version 0.27.1-1-g398f81649c (webtiles) character file.

Game seed: 17584205794101530131

10219 funkygono the Thaumaturge (level 11, -8/57 HPs)
             Began as a Gargoyle Fire Elementalist on Sept 11, 2021.
             Was a Priest of Vehumet.
             Killed by the air
             ... invoked by Gastronok
              (26 damage)
             ... on level 11 of the Dungeon.
             The game lasted 00:28:41 (11129 turns).

funkygono the Thaumaturge (GrFE)                   Turns: 11129, Time: 00:28:42

Health: -8/57      AC: 18    Str: 12    XL:     11   Next: 58%
Magic:  12/25      EV: 12    Int: 19    God:    Vehumet [***...]
Gold:   658        SH:  0    Dex: 10    Spells: 5/30 levels left

rFire    + . .     SeeInvis .   d - +4 whip
rCold    x . .     Faith    .   (no shield)
rNeg     + . .     Spirit   .   a - +1 robe
rPois    ∞         Reflect  .   b - +1 helmet
rElec    +         Harm     .   (no cloak)
rCorr    .         Rampage  .   l - +0 pair of gloves
Will     .....                  (no boots)
Stlth    ++........             m - amulet of magic regeneration
HPRegen  0.19/turn              u - ring of fire
MPRegen  0.44/turn              w - +4 ring of protection

@: slowed, very slow
A: sickness immunity, AC +8, negative energy resistance 1, electricity
resistance, torment resistance 1, petrification resistance
a: Renounce Religion


You were on level 11 of the Dungeon.
You worshipped Vehumet.
Vehumet was most pleased with you.
You visited 1 branch of the dungeon, and saw 11 of its levels.

You collected 658 gold pieces.

Inventory:

Hand Weapons
 d - a +4 whip (weapon)
 k - a +4 dire flail
 x - a +0 whip of freezing
Missiles
 h - 266 stones
 p - 2 throwing nets
Armour
 a - a +1 robe (worn)
 b - a +1 helmet (worn)
 l - a +0 pair of gloves (worn)
 C - a +0 troll leather armour
 E - the +1 plate armour "Ceressod" {Drain Regen+ Dex+4 SInv}
   (You found it on level 10 of the Dungeon)

   Dex:       It affects your dexterity (+4).
   SInv:      It lets you see invisible.
   Regen:     It increases your rate of health regeneration.
   Drain:     It drains your maximum health when unequipped.
 I - the +3 plate armour of the Hills {rElec}
   (You found it on level 11 of the Dungeon)

   rElec:     It insulates you from electricity.
Jewellery
 m - an amulet of magic regeneration (around neck)
 u - a ring of fire (left hand)
 v - an amulet of guardian spirit
 w - a +4 ring of protection (right hand)
 y - a ring of resist corrosion
 B - a +4 ring of protection
 F - a +6 ring of strength
Wands
 o - a wand of flame (51)
 r - a wand of polymorph (10)
 D - a wand of digging (6)
Scrolls
 c - 2 scrolls of blinking
 z - a scroll of amnesia
 G - a scroll of teleportation
Potions
 e - 6 potions of curing
 f - 2 potions of mutation {unknown}
 g - 3 potions of brilliance
 i - 4 potions of magic
 j - 2 potions of ambrosia {unknown}
 n - a potion of might {unknown}
 q - 2 potions of haste {unknown}
 s - 2 potions of heal wounds {unknown}
 t - 3 potions of berserk rage {unknown}
 A - a potion of invisibility {unknown}
 H - a potion of resistance {unknown}


   Skills:
 + Level 2.0 Fighting
 + Level 0.3 Maces & Flails
 + Level 2.7 Dodging
 - Level 2.1 Stealth
 * Level 10.3 Spellcasting
 * Level 9.5 Conjurations
 + Level 0.8 Transmutations
 * Level 8.6 Fire Magic
 + Level 6.1 Earth Magic
 * Level 4.5 Poison Magic


You had 5 spell levels left.
You knew the following spells:

 Your Spells              Type           Power      Damage    Failure   Level
a - Foxfire               Conj/Fire      100%       2x1d9     1%          1
b - Conjure Flame         Conj/Fire      60%        6-21      1%          3
c - Sticky Flame          Conj/Fire      60%        2d8       1%          4
d - Fireball              Conj/Fire      30%        3d13      1%          5
e - Shock                 Conj/Air       100%       1d9       1%          1
f - Sandblast             Erth           64%        2d14      1%          1
g - Olgreb's Toxic Radia  Pois           26%        N/A       3%          4
h - Ignite Poison         Fire/Tmut/Pois 41%        N/A       1%          3
i - Stone Arrow           Conj/Erth      78%        3d11      1%          3

Your spell library contained the following spells:

 Spells                   Type           Power      Damage    Failure   Level
 Fulminant Prism          Conj/Hex       13%        3d9       2%          4
 Poisonous Vapours        Pois/Air       36%        N/A       1%          2
 Inner Flame              Hex/Fire       39%        N/A       1%          3
 Sting                    Tmut/Pois      76%        1d6       2%          1
 Lightning Bolt           Conj/Air       13%        1d27      8%          5
 Leda's Liquefaction      Hex/Erth       10%        N/A       21%         4
 Call Canine Familiar     Summ           9%         N/A       22%         3
 Gell's Gravitas          Tloc           4%         N/A       22%         3
 Ozocubu's Armour         Ice            9%         N/A       22%         3
 Portal Projectile        Hex/Tloc       18%        N/A       22%         3
 Teleport Other           Tloc           9%         N/A       22%         3
 Silence                  Hex/Air        4%         N/A       90%         5
 Conjure Ball Lightning   Conj/Air       13%        3x3d6     36%         6
 Dispersal                Tloc           4%         N/A       100%        6
 Ozocubu's Refrigeration  Ice            4%         4d5       100%        7


Dungeon Overview and Level Annotations

Branches:
Dungeon (11/15)            Temple (0/1) D:6            Lair (0/6) D:8
    Orc: D:9-12

Altars:
Cheibriados
Fedhas
Gozag
Makhleb
Nemelex Xobeh
Okawaru
Qazlal
Ru
Trog
Uskayaw
Vehumet
Xom

Shops:
D:4 !

Annotations:
D:4 1 runed translucent door, Nanban's ghost, amateur DsMo
D:11 Gastronok


Innate Abilities, Weirdness & Mutations

You are immune to sickness and miasma.
Your stone body is resilient. (AC +8)
You are immune to poison.
You resist negative energy. (rN+)
You are resistant to electric shocks. (rElec)
You are resistant to unholy torment.
You are immune to petrification.


Message History

Aiming: Sticky Flame (dangerous; 1% risk of failure)
Press: ? - help, Shift-Dir - straight line, f - Gastronok
Aim: Gastronok, wearing a +2 hat of willpower (heavily wounded, ally target, 100% to hit)
You feel a surge of power!
The sticky flame hits Gastronok.
Gastronok is severely wounded.
Gastronok is covered in liquid flames!
Gastronok burns! x2
The foxfire hits Gastronok.
Gastronok is severely wounded.
The foxfire hits Gastronok.
Gastronok is severely wounded.
Gastronok burns!
Gastronok stops burning.
Gastronok casts a spell at you.
You barely resist.
There is an open door here.
Gastronok waves his eye-stalks in wide circles.
The air twists around and strikes you!!
You see here the +3 plate armour of the Hills {rElec}.
I - the +3 plate armour of the Hills {rElec}
Casting: Sticky Flame (dangerous; 1% risk of failure)
Confirm with . or Enter, or press ? or * to list all spells.
You feel a surge of power!
You conjure some foxfire!
Casting: Foxfire (safe; 1% risk of failure)
Confirm with . or Enter, or press ? or * to list all spells.
You feel a surge of power!
You conjure some foxfire!
The foxfire hits Gastronok!
Gastronok is almost dead.
The foxfire hits Gastronok but does no damage.
Gastronok is almost dead.
Gastronok waves his eye-stalks in wide circles.
The air twists around and strikes you!!
Casting: Foxfire (safe; 1% risk of failure)
Confirm with . or Enter, or press ? or * to list all spells.
You feel a surge of power!
You conjure some foxfire!
The foxfire hits Gastronok.
Gastronok is almost dead.
The foxfire hits Gastronok.
Gastronok is almost dead.
Gastronok waves his eye-stalks in wide circles.
The air twists around and strikes you!!
You die...

#...............#
###+######
########.########
#......# #######)###
..........#
.<........##########+###
........§.w...##........
......§§v.###..#........
....>.§@§§# ##.#........
.......v§.# #.w........
..........# ###........
..........# #........
#.######### #........ #
####+####


You could see Gastronok (ally target).

Vanquished Creatures
  3 two-headed ogres
  A kobold demonologist (D:9)
  2 trolls
  4 slime creatures (D:9)
  2 wyverns
  Sigmund (D:4)
  2 vampires
  9 yaks
  3 steam dragons (D:7)
  4 vampire mosquitoes (D:11)
  An acid dragon (D:9)
  A black bear (D:6)
  An orc warrior (D:9)
  2 sky beasts (D:6)
  3 centaurs
  A kobold brigand (D:7)
  A bullfrog (D:7)
  A scorpion (D:6)
  3 killer bees (D:10)
  15 wights
  2 bullfrog zombies
  A jelly (D:5)
  5 centaur zombies
  A centaur skeleton (D:5)
  4 orc priests
  2 gnoll shamans
  3 hounds
  3 iron imps (D:8)
  Natasha (thrice) (D:4)
  An iguana (D:7)
  6 orc wizards
  Terence (D:3)
  3 killer bee zombies
  3 hound skeletons (D:4)
  A howler monkey skeleton (D:7)
  2 howler monkey zombies
  5 adders
  10 gnolls
  2 white imps
  An adder skeleton (D:5)
  A dart slug (D:1)
  23 orcs
  7 bats
  2 endoplasms
  3 giant cockroaches
  12 goblins
  10 hobgoblins
  11 kobolds
  5 quokkas
  3 ball pythons
  3 frilled lizards
  6 rats
205 creatures vanquished.

Vanquished Creatures (collateral kills)
  4 foxfires (D:5)
4 creatures vanquished.

Vanquished Creatures (others)
  5 dream sheep (D:4)
  713 foxfires
  2 fungi (D:8)
  47 plants
767 creatures vanquished.

Grand Total: 976 creatures vanquished

Notes
Turn   | Place    | Note
-------+----------+-------------------------------------------
     0 | D:1      | funkygono the Gargoyle Fire Elementalist began the quest
                  | for the Orb.
     0 | D:1      | Reached XP level 1. HP: 10/10 MP: 3/3
   400 | D:1      | Reached XP level 2. HP: 15/15 MP: 0/5
  1415 | D:2      | Reached XP level 3. HP: 19/19 MP: 2/6
  1557 | D:2      | Found a faded altar of an unknown god.
  1897 | D:2      | Reached XP level 4. HP: 24/24 MP: 4/8
  2140 | D:2      | Learned a level 3 spell: Conjure Flame
  2145 | D:2      | Learned a level 4 spell: Sticky Flame
  2706 | D:3      | Found a radiant altar of Vehumet.
  2707 | D:3      | Noticed Terence
  2738 | D:3      | Killed Terence
  2739 | D:3      | Reached skill level 3 in Spellcasting
  2918 | D:3      | Became a worshipper of Vehumet
  3059 | D:4      | Noticed Natasha
  3065 | D:4      | Killed Natasha
  3066 | D:4      | Reached XP level 5. HP: 24/28 MP: 5/9
  3210 | D:4      | Found Emaducyi's Distillery.
  3357 | D:4      | Found a sacrificial altar of Ru.
  3370 | D:4      | Reached XP level 6. HP: 30/32 MP: 5/11
  3579 | D:4      | Noticed Sigmund
  3593 | D:4      | Noticed Natasha
  3597 | D:4      | Killed Sigmund
  3598 | D:4      | Reached skill level 4 in Spellcasting
  3598 | D:4      | Reached skill level 5 in Fire Magic
  3598 | D:4      | Killed Natasha
  3660 | D:4      | Reached XP level 7. HP: 37/37 MP: 10/13
  3679 | D:4      | Learned a level 5 spell: Fireball
  3705 | D:4      | Noticed a dream sheep
  3705 | D:4      | Noticed a dream sheep
  3705 | D:4      | Noticed a dream sheep
  3705 | D:4      | Noticed a dream sheep
  3705 | D:4      | Noticed a dream sheep
  3705 | D:4      | Found a shimmering altar of Xom.
  3707 | D:4      | Killed a dream sheep
  3707 | D:4      | Killed a dream sheep
  3708 | D:4      | Reached skill level 1 in Fighting
  3709 | D:4      | Killed a dream sheep
  3709 | D:4      | Killed a dream sheep
  3710 | D:4      | Killed a dream sheep
  3799 | D:4      | Found a blossoming altar of Fedhas.
  3818 | D:4      | Reached * piety under Vehumet
  3818 | D:4      | Offered knowledge of Shock by Vehumet.
  3874 | D:4      | Noticed Natasha
  3877 | D:4      | Killed Natasha
  4131 | D:4      | Found a runed translucent door.
  4132 | D:4      | Noticed Nanban's ghost (amateur DsMo)
  4292 | D:5      | Entered Level 5 of the Dungeon
  4302 | D:5      | Learned a level 1 spell: Shock
  4356 | D:5      | Noticed a wyvern
  4365 | D:5      | Killed a wyvern
  4366 | D:5      | Reached skill level 5 in Spellcasting
  4600 | D:5      | Reached skill level 5 in Conjurations
  4600 | D:5      | Reached XP level 8. HP: 21/44 MP: 7/16
  5332 | D:5      | Found a hide-covered altar of Uskayaw.
  5391 | D:5      | Found a bloodstained altar of Trog.
  5401 | D:5      | Found a stormy altar of Qazlal.
  5503 | D:6      | Found a staircase to the Ecumenical Temple.
  5553 | D:6      | Found a snail-covered altar of Cheibriados.
  5563 | D:6      | Reached skill level 6 in Spellcasting
  5800 | D:6      | Reached XP level 9. HP: 48/48 MP: 15/18
  5809 | D:6      | Reached ** piety under Vehumet
  5831 | D:6      | Offered knowledge of Sandblast by Vehumet.
  5834 | D:6      | Learned a level 1 spell: Sandblast
  5883 | D:6      | Reached skill level 1 in Earth Magic
  5928 | D:6      | Found a sparkling altar of Nemelex Xobeh.
  6386 | D:7      | Got Jiec's Handbook of Intimidation
  6478 | D:7      | Reached skill level 7 in Spellcasting
  7225 | D:7      | Learned a level 4 spell: Olgreb's Toxic Radiance
  7229 | D:7      | Learned a level 3 spell: Ignite Poison
  7390 | D:8      | Found a staircase to the Lair.
  7441 | D:8      | Offered knowledge of Stone Arrow by Vehumet.
  7798 | D:8      | Reached skill level 1 in Poison Magic
  7811 | D:8      | Reached XP level 10. HP: 42/53 MP: 18/21
  7882 | D:8      | Reached *** piety under Vehumet
  8257 | D:8      | Found a burning altar of Makhleb.
  8310 | D:8      | Reached skill level 8 in Spellcasting
  8484 | D:8      | Learned a level 3 spell: Stone Arrow
  8919 | D:9      | Found an iron altar of Okawaru.
  8953 | D:9      | Reached skill level 5 in Earth Magic
  9310 | D:9      | Noticed a two-headed ogre
  9316 | D:9      | Killed a two-headed ogre
  9317 | D:9      | Reached skill level 9 in Spellcasting
  9329 | D:9      | Offered knowledge of Fulminant Prism by Vehumet.
  9344 | D:9      | Noticed a kobold demonologist
  9350 | D:9      | Killed a kobold demonologist
  9839 | D:10     | Entered Level 10 of the Dungeon
  9922 | D:10     | Reached XP level 11. HP: 53/57 MP: 16/24
 10074 | D:10     | Identified the +1 plate armour "Ceressod" {Drain Regen+
                  | Dex+4 SInv}
 10262 | D:10     | Noticed a two-headed ogre
 10268 | D:10     | Killed a two-headed ogre
 10309 | D:10     | Found an opulent altar of Gozag.
 10606 | D:11     | Reached skill level 10 in Spellcasting
 11070 | D:11     | Noticed a two-headed ogre
 11073 | D:11     | Killed a two-headed ogre
 11105 | D:11     | Noticed Gastronok
 11124 | D:11     | Identified the +3 plate armour of the Hills {rElec}
 11129 | D:11     | Killed from afar by Gastronok

Illustrated notes

Levels and vault maps discovered:
D:1:      sevenhm_arrival_forest_fort_small_4, layout_basic, dk_noncrumbling_3,
          serial_park_tiny_pond, minmay_misc_feat_iff
D:2:      layout_loops_ring, shapermc_ecumenical_altar_mp_vishouse,
          minmay_pentomino_z4
D:3:      layout_basic, vehumet_altar_wand_db, guppyfry_early_lair_pool,
          uniq_terence
D:4:      layout_loops_ring, kb_xom_exploding_sheep,
          nicolae_ru_great_annihilating_truth, mainiacjoe_overflow_24_doors,
          ebering_ghost_inner_flame, serial_shops, shop, roderic_lattice_a,
          st_stairs_5, uniq_sigmund, uniq_natasha
D:5:      layout_loops_ring, minitemple,
          nicolae_uskayaw_murder_on_the_dancefloor, serial_bayou_lagoon_a
D:6:      layout_basic, nemelex_spade_bored_becter,
          mainiacjoe_overflow_surrounded_room, temple_fountains,
          kennysheep_generic_room_3
D:7:      layout_basic
D:8:      layout_basic, demons_altar, dpeg_oklobed_lair
D:9:      layout_loops_ring, lemuel_crystal_altar, serial_bayou_pond_a
D:10:     layout_loops_cross, amcnicky_altar_gilded, serial_rivers,
          chequers_serial_rivers_micro_b, chequers_serial_rivers_micro_c,
          chequers_serial_rivers_micro_e, chequers_serial_rivers_micro_b,
          enter_bailey_5
D:11:     layout_roguey, orc_0_dummy, uniq_gastronok

Skill      XL: |  1  2  3  4  5  6  7  8  9 10 11 |
---------------+----------------------------------+-----
Conjurations   | 2 3 4 5 6 7 8 9 |  9.5
Fire Magic     | 4 5 6 7 8 |  8.6
Spellcasting   | 3 4 5 6 7 9 10 | 10.3
Fighting       | 1 2 |  2.0
Dodging        | 2 |  2.7
Earth Magic    | 3 5 6 |  6.1
Poison Magic   | 1 3 4 |  4.5
Maces & Flails | |  0.3
Stealth        | |  2.1
Transmutations | |  0.8

Action                   |  1- 3 |  4- 6 |  7- 9 | 10-12 || total
-------------------------+-------+-------+-------+-------++-------
Melee: Whip              |       |     3 |    23 |    23 ||    49
 Cast: Foxfire           |    53 |    92 |   220 |    63 ||   428
       Sticky Flame      |       |     1 |     7 |    13 ||    21
       Conjure Flame     |       |     1 |     3 |     2 ||     6
       Sandblast         |       |       |    39 |    28 ||    67
       Stone Arrow       |       |       |       |    35 ||    35
       Olgreb's Toxic Ra |       |       |       |    15 ||    15
       Ignite Poison     |       |       |       |    15 ||    15
  Use: Scroll            |     3 |     4 |     6 |     5 ||    18
       Potion            |       |       |       |     2 ||     2
Armor: Robe              |     6 |    15 |    49 |    59 ||   129
Dodge: Dodged            |    16 |    30 |    44 |    54 ||   144
